 Dungeon Crawl Stone Soup version 0.30-a0-165-g1891117ce2 (webtiles) character file.

Game seed: 13082816776600260157

92 qw the Chopper (level 4, 0/28 HPs)
             Began as a Gargoyle Fighter on Sept 28, 2022.
             Slain by an orc wizard
             ... wielding a +0 dagger
              (1 damage)
             ... on level 3 of the Dungeon.
             The game lasted 00:00:53 (2617 turns).

qw the Chopper (Gargoyle Fighter)                   Turns: 2617, Time: 00:00:53

Health: 0/28       AC: 12    Str: 22    XL:     4   Next: 60%
Magic:  4/4        EV:  7    Int:  8    God:
Gold:   147        SH:  0    Dex:  9    Spells: 3/3 levels left

rFire   . . .      SeeInvis .    Y - +0 war axe
rCold   . . .      Faith    .    c - +0 buckler
rNeg    + . .      Spirit   .    f - +0 chain mail
rPois   inf        Reflect  .    (no helmet)
rElec   +          Harm     .    (no cloak)
rCorr   .          Rampage  .    (no gloves)
Will    .....                    (no boots)
Stlth   ..........               (no amulet)
HPRegen 0.09/turn                (no ring)
MPRegen 0.09/turn                (no ring)

@: confused
A: sickness immunity, AC +3, negative energy resistance 1, electricity
resistance, torment resistance 1, petrification resistance
a: no special abilities


You were on level 3 of the Dungeon.
You visited 1 branch of the dungeon, and saw 3 of its levels.

You collected 147 gold pieces.


Innate Abilities, Weirdness & Mutations

You are immune to sickness and miasma.
Your stone body is resilient. (AC +3)
You are immune to poison.
You resist negative energy. (rN+)
You are resistant to electric shocks. (rElec)
You are resistant to unholy torment.
You are immune to petrification.


   Skills:
 - Level 3.2 Fighting
 + Level 4.2 Axes
 - Level 3.2 Armour
 - Level 3.2 Shields


You had 3 spell levels left.
You didn't know any spells.
Your spell library was empty.

Inventory:

Hand Weapons
 e - a +0 whip
 Y - a +0 war axe (weapon)
Armour
 c - a +0 buckler (worn)
 f - a +0 chain mail (worn)
 j - a +0 cloak
Scrolls
 a - a scroll of identify
 i - a scroll of vulnerability {unknown}
Potions
 b - a potion of heal wounds {unknown}
 d - a potion of might
 g - a potion of haste
 h - a potion of resistance {unknown}
 k - a potion of flight {unknown}

Dungeon Overview and Level Annotations

Branches:
Dungeon (3/15)

Altars:

Shops:
D:1 !


Message History

There is a strange disturbance nearby!
You feel less confused. Something hits you. x2
You closely miss something. You hit something.
Something hits you but does no damage. x2
You barely miss something. You miss something. Something hits you. x2
You miss something. x2
Something hits you but does no damage. Something hits you.
You completely miss something. You slash something!
You block something's attack.
You hear some strange, mumbled words.
A puff of flame appears from out of thin air!
The puff of flame hits you. Something hits you but does no damage.
Something hits you.
You barely miss something. You closely miss something.
Something hits you but does no damage. x2
You miss something. x2
Something hits you but does no damage. x2
You barely miss something. You miss something.
Something hits you but does no damage. x2; You block something's attack. x2
You closely miss something. You miss something.
Something hits you but does no damage. x2
You closely miss something. x2
You hear some strange, mumbled words.
You are confused.
Something hits you but does no damage.
You're too confused to attack without stumbling around!
There is a strange disturbance nearby!
Something hits you. Something hits you but does no damage.
You're too confused to attack without stumbling around!
There is a strange disturbance nearby!
Something hits you but does no damage. x2
You're too confused to attack without stumbling around!
There is a strange disturbance nearby!
Something hits you but does no damage. x2
You're too confused to attack without stumbling around!
There is a strange disturbance nearby!
Something hits you.
You die...

. .. .# .# .#. #. .# #(
...: .......
###..##.#.#. ..........
.###?.#..#. #
.......{{##.###
......)@)....#
.###..#...##.#.#
......#...#
..........##.#
#.###.#.#.#..# #
#.#.#.#..#.#
##.###.#.........
................#
######.#.#.#.#%#....#.#


There were no monsters in sight!

Vanquished Creatures
  An orc wizard (D:3)
  2 adders
  An orc (D:3)
  6 bats
  6 endoplasms
  5 hobgoblins
  11 kobolds
  2 ball pythons (D:1)
  2 frilled lizards (D:2)
  5 goblins
  9 rats
50 creatures vanquished.

Vanquished Creatures (others)
  8 toadstools (D:3)
8 creatures vanquished.

Grand Total: 58 creatures vanquished

Notes
Turn   | Place    | Note
-------+----------+-------------------------------------------
     0 | D:1      | qw the Gargoyle Fighter began the quest for the Orb.
     0 | D:1      | Reached XP level 1. HP: 14/14 MP: 1/1
     0 | D:1      | 0 ||| qw: Version: 0.2-a-12-gaebbb33
     0 | D:1      | 0 ||| qw: Game counter: 858
     0 | D:1      | 0 ||| qw: Always use a shield: true
     0 | D:1      | 0 ||| qw: God list: Okawaru
     0 | D:1      | 0 ||| qw: Allow faded altars: false
     0 | D:1      | 0 ||| qw: Do Orc after D:15 true
     0 | D:1      | 0 ||| qw: Do second Lair branch before Depths: true
     0 | D:1      | 0 ||| qw: Lair rune preference: random
     0 | D:1      | 0 ||| qw: Plans: Normal, Zot:1-4, God:TSO, Crypt, Tomb,
                  | Pan, Slime:5, Hells, Abyss, Orb
     0 | D:1      | 0 ||| PLANNING D:1-11
    71 | D:1      | Noticed a golden eye
    75 | D:1      | Found a faded altar of an unknown god.
    77 | D:1      | Noticed a shining eye
    77 | D:1      | Noticed a floating eye
    77 | D:1      | Noticed an eye of devastation
    86 | D:1      | Reached skill level 2 in Axes
   122 | D:1      | Found Fuisaun's Distillery.
   133 | D:1      | 133 ||| SHOPLISTING potion of curing (39 gold, have 0).
   133 | D:1      | 133 ||| SHOPLISTING potion of haste (130 gold, have 0).
   133 | D:1      | 133 ||| SHOPLISTING potion of heal wounds (65 gold, have
                  | 0).
   133 | D:1      | 133 ||| SHOPLISTING potion of might (52 gold, have 0).
   356 | D:1      | 356 ||| Stepping ~*~*~tactically~*~*~ (stealth).
   359 | D:1      | 359 ||| Stepping ~*~*~tactically~*~*~ (stealth).
   364 | D:1      | Reached XP level 2. HP: 19/19 MP: 2/2
  1007 | D:1      | 1007 ||| UPGRADING to +0 chain mail.
  1017 | D:1      | 1017 ||| DROPPING +0 scale mail.
  1018 | D:1      | 1018 ||| READING 3 scrolls labelled MIOSAI VURREEC.
  1019 | D:1      | 1019 ||| READING scroll labelled TEANUP NORELUU.
  1020 | D:1      | 1020 ||| READING 2 scrolls of identify.
  1020 | D:1      | 1020 ||| IDENTIFYING fuming golden potion
  1088 | D:2      | 1088 ||| Stepping ~*~*~tactically~*~*~ (hiding).
  1100 | D:2      | Reached skill level 3 in Axes
  1254 | D:2      | Reached XP level 3. HP: 23/23 MP: 3/3
  2129 | D:2      | 2129 ||| READING scroll labelled LOABESTR OLOTI.
  2130 | D:2      | 2130 ||| READING scroll labelled SUMOTE BUUNANA.
  2131 | D:2      | 2131 ||| READING scroll labelled ONOFFOROKA.
  2132 | D:2      | 2132 ||| READING scroll labelled JUHID KIAL.
  2133 | D:2      | 2133 ||| READING scroll labelled WEMURI ULLO.
  2297 | D:3      | 2297 ||| Stepping ~*~*~tactically~*~*~ (stealth).
  2312 | D:3      | Reached XP level 4. HP: 25/28 MP: 4/4
  2312 | D:3      | 2312 ||| FLEEEEING.
  2313 | D:3      | 2313 ||| FLEEEEING.
  2314 | D:3      | 2314 ||| FLEEEEING.
  2318 | D:3      | 2318 ||| FLEEEEING.
  2319 | D:3      | 2319 ||| FLEEEEING.
  2579 | D:3      | 2579 ||| Stepping ~*~*~tactically~*~*~ (hiding).
  2580 | D:3      | 2580 ||| Stepping ~*~*~tactically~*~*~ (hiding).
  2586 | D:3      | Reached skill level 4 in Axes
  2607 | D:3      | HP: 4/28 [something (4)]
  2608 | D:3      | HP: 1/28 [something (1)]
  2614 | D:3      | HP: 1/28 [something (1)]
  2617 | D:3      | Slain by an orc wizard

Levels and vault maps discovered:
D:1:      dpeg_arrival_leaves_temple_mockup, layout_basic, serial_shops,
          shop_fountains, hellmonk_ecumenical_altar_watching_god
D:2:      layout_basic
D:3:      cheibrodos_fertilizer, layout_basic, lexackson_kobold_supper

Skill      XL: |  1  2  3  4 |
---------------+-------------+-----
Axes           | 2 3 4 |  4.2
Fighting       | |  3.2
Armour         | |  3.2
Shields        | |  3.2

Action                   |  1- 3 |  4- 6 || total
-------------------------+-------+-------++-------
Melee: War axe           |   106 |    48 ||   154
  Use: Scroll            |     8 |       ||     8
Armor: Scale mail        |    17 |       ||    17
       Chain mail        |    43 |    58 ||   101
Dodge: Dodged            |    44 |    10 ||    54
Block: Buckler           |    13 |    11 ||    24

Table legend:
 A = Non-vault XP
 B = Vault XP
 C = Vault XP percentage of total XP
 D = Non-vault monster count
 E = Vault monster count
 F = Vault count percentage of total count
                 A         B        C        D         E       F
            +---------+---------+-------+---------+---------+-------
      Total |     122 |      10 |   7.6 |      43 |       7 |  14.0
            +---------+---------+-------+---------+---------+-------
        D:1 |      27 |       0 |   0.0 |      17 |       0 |   0.0
        D:2 |      30 |       0 |   0.0 |      12 |       0 |   0.0
        D:3 |      65 |      10 |  13.3 |      14 |       7 |  33.3
            +---------+---------+-------+---------+---------+-------
